 Dungeon Crawl Stone Soup version 0.30.0-19-g36f170ea60 (webtiles) character file.

Game seed: 7378744325159034717

1 ChrisAssaf the Caller (level 1, 0/15 HPs)
             Began as a Naga Summoner on May 27, 2023.
             Slain by a frilled lizard (1 damage)
             ... on level 1 of the Dungeon.
             The game lasted 00:00:28 (34 turns).

ChrisAssaf the Caller (Naga Summoner)                 Turns: 34, Time: 00:00:29

Health: 0/15       AC:  1    Str: 10    XL:     1   Next: 20%
Magic:  3/3        EV:  9    Int: 15    God:
Gold:   0          SH:  0    Dex: 11    Spells: 3/4 levels left

rFire   . . .        (no weapon)
rCold   . . .        (no shield)
rNeg    . . .        a - +0 robe
rPois   +            (no helmet)
rElec   .            (no cloak)
rCorr   .            (no gloves)
SInv    +            (no barding)
Will    .....        (no amulet)
Stlth   ++           (no ring)
HPRegen 0.22/turn    (no ring)
MPRegen 0.08/turn

%: no passive effects
@: very slow
A: AC +0, large, see invisible, deformed body, poison resistance, slowness 2,
spit poison 1, naga tail 1
a: Spit Poison


You were on level 1 of the Dungeon.
You visited 1 branch of the dungeon, and saw 1 of its levels.

Inventory:

Armour
 a - a +0 robe (worn)


   Skills:
 * Level 1.5 Dodging
 * Level 3.0 Stealth
 * Level 2.0 Spellcasting
 * Level 4.0 Summonings


You had 3 spell levels left.
You knew the following spells:

 Your Spells              Type           Power      Damage    Failure   Level
a - Summon Small Mammal   Summ           52%        N/A       4%          1

Your spell library contained the following spells:

 Spells                   Type           Power      Damage    Failure   Level
 Call Imp                 Summ           26%        N/A       6%          2
 Call Canine Familiar     Summ           13%        N/A       13%         3
 Summon Guardian Golem    Hex/Summ       7%         N/A       28%         3
 Summon Lightning Spire   Summ/Air       7%         N/A       67%         4


Dungeon Overview and Level Annotations

Branches:
Dungeon (1/15)

Altars:


Innate Abilities, Weirdness & Mutations

Your serpentine skin is tough. (AC +0)
You have supernaturally acute eyesight. (SInv)
Armour fits poorly on your strangely shaped body.
Your system is resistant to poisons. (rPois)
You cover ground very slowly.
You can spit poison.
You have a snake-like lower body.


Message History

You swap places.
Your bat misses the kobold.
Your rat closely misses the kobold.
Your bat barely misses the kobold.
Your bat hits the kobold but does no damage.
The frilled lizard bites you.
The kobold hits you with a +1 dagger of protection.
Magic courses through your body.
You have got your breath back.
Your bat hits the kobold but does no damage.
Your rat barely misses the kobold.
The frilled lizard barely misses you. The kobold closely misses your bat.
Casting: Summon Small Mammal (safe; 4% risk of failure)
Press: ? - help, Q - select action, (/) - cycle Dir - look around, f - activate
Okay, then.
Aiming: Spit Poison (3% risk of failure)
Press: ? - help, Shift-Dir - straight line, f - frilled lizard, p - kobold
Aim: a frilled lizard (31% to hit)
The splash of poison misses the frilled lizard.
You kill the kobold!
Your bat closely misses the frilled lizard.
Your bat misses the frilled lizard.
Your rat barely misses the frilled lizard.
The frilled lizard bites you.
Your bat closely misses the frilled lizard.
Your rat misses the frilled lizard.
The frilled lizard closely misses your bat.
Your bat barely misses the frilled lizard.
Your rat barely misses the frilled lizard.
Your bat misses the frilled lizard.
The frilled lizard attacks as you move away!
The frilled lizard bites you.
Your bat barely misses the frilled lizard.
The frilled lizard bites you.
* * * LOW HITPOINT WARNING * * *
You have got your breath back.
Your bat closely misses the frilled lizard.
Your rat bites the frilled lizard.
The frilled lizard bites you.
* * * LOW HITPOINT WARNING * * *
The frilled lizard attacks as you move away!
The frilled lizard bites you.
You die...

######'###
##+##..#####.#
##...#........#
##.....######### #
##.......## ... ...
#.........##.#....#
+....r).>.'.......#
#...lbw...##.#....#
##...@...## .# ..#
##.....## .# #
##...## .# ##+## w#
.. ##


You could see a dart slug, a frilled lizard (ally target), a friendly bat
(summoned) and a friendly rat (summoned).

Vanquished Creatures
  A kobold (D:1)
1 creature vanquished.

Notes
Turn   | Place    | Note
-------+----------+-------------------------------------------
     0 | D:1      | ChrisAssaf the Naga Summoner began the quest for the Orb.
     0 | D:1      | Reached XP level 1. HP: 15/15 MP: 3/3
    34 | D:1      | Slain by a frilled lizard

Illustrated notes

Levels and vault maps discovered:
D:1:      tarquinn_simple_flora_water_f, layout_loops_corners,
          shapermc_ecumenical_altar_hornbeckon, minmay_box_of_dots

Action                     || total
---------------------------++-------
   Cast: Summon Small Mamm ||     3
Ability: Spit Poison       ||     3
    Use: Potion            ||     1
  Dodge: Dodged            ||     4
